 Dungeon Crawl Stone Soup version 0.28.0 (webtiles) character file.

Game seed: 9304693123073868312

34 psuckher the Sneak (level 3, -4/29 HPs)
             Began as a Demonspawn Delver on Feb 15, 2022.
             Was an Initiate of Dithmenos.
             Slain by a bullfrog zombie (5 damage)
             ... on level 5 of the Dungeon.
             The game lasted 00:02:18 (206 turns).

psuckher the Sneak (Demonspawn Delver)               Turns: 206, Time: 00:02:18

Health: -4/29      AC:  5    Str: 14    XL:     3   Next: 14%
Magic:  3/3        EV: 12    Int: 11    God:    Dithmenos [......]
Gold:   0          SH:  0    Dex: 14    Spells: 2/2 levels left

rFire   . . .      SeeInvis .   a - +0 hand axe
rCold   . . .      Faith    .   (no shield)
rNeg    . . .      Spirit   .   b - +0 leather armour
rPois   .          Reflect  .   (no helmet)
rElec   .          Harm     .   (no cloak)
rCorr   .          Rampage  .   (no gloves)
Will    .....                   (no boots)
Stlth   +++.......              (no amulet)
HPRegen 0.09/turn               (no ring)
MPRegen 0.08/turn               (no ring)

@: flying, hasted, very quick
A: claws 1, icy blue scales 1
a: Renounce Religion


You were on level 5 of the Dungeon.
You worshipped Dithmenos.
Dithmenos was noncommittal.
You visited 2 branches of the dungeon, and saw 2 of its levels.

Inventory:

Hand Weapons
 a - a +0 hand axe (weapon)
Armour
 b - a +0 leather armour (worn)
Jewellery
 i - a ring of magical power
Wands
 g - a wand of digging (3)
Scrolls
 c - a scroll of fog
 d - a scroll of magic mapping
 e - a scroll of fear
Potions
 h - a potion of flight


   Skills:
 + Level 3.2 Fighting
 + Level 1.9 Axes
 + Level 0.5 Armour
 + Level 1.9 Dodging
 + Level 5.1 Stealth


You had 2 spell levels left.
You didn't know any spells.
Your spell library was empty.

Dungeon Overview and Level Annotations

Branches:
Dungeon (5/15)             Temple (1/1) D:5

Altars:
Ashenzari
Cheibriados
Dithmenos
Hepliaklqana
Kikubaaqudgha
Nemelex Xobeh
Qazlal
Ru
Trog
Yredelemnul


Innate Abilities, Weirdness & Mutations

You have sharp fingernails.
You are partially covered in icy blue scales. (AC +2)


Message History

Found a hazy altar of Hepliaklqana.
There is a shadowy altar of Dithmenos here.
You kneel at the altar of Dithmenos.
Dithmenos welcomes you!
There is a fountain of clear blue water here.
There is a bloodstained altar of Trog here.
There is an ancient bone altar of Kikubaaqudgha here.
There is a snail-covered altar of Cheibriados here.
There is a staircase back to the Dungeon here.
You can't go down here!
You climb upwards.
There is a staircase to the Ecumenical Temple here.
Found a glowing tourmaline ring.
h - 2 metallic red potions
i - a ring of magical power Your library has no spells.
Found a stone staircase leading up.
A bullfrog zombie comes into view.
Found a long smoking staff.
The bullfrog zombie hits you.
You completely miss the bullfrog zombie.
The bullfrog zombie hits you.
You hit the bullfrog zombie.
The bullfrog zombie is lightly damaged.
The bullfrog zombie barely misses you. The bullfrog zombie hits you.
* * * LOW HITPOINT WARNING * * *
You barely miss the bullfrog zombie.
The bullfrog zombie is lightly damaged.
The bullfrog zombie barely misses you. The bullfrog zombie hits you.
* * * LOW HITPOINT WARNING * * *
It was a potion of flight.
You feel very buoyant.
You fly up into the air.
The bullfrog zombie barely misses you. The bullfrog zombie hits you.
* * * LOW HITPOINT WARNING * * *
You see here a staff of fire.
You feel yourself speed up. The bullfrog zombie hits you.
* * * LOW HITPOINT WARNING * * *
The bullfrog zombie hits you.
You die...

#....... #.#####.
######.##.... ###
#.....>...##.
#.......###.#####.
#.#.. #.. .. #.#.##
#### ### #.#..#
######
#@##.##.......####
####.Z...............
#.....|.##........(..
#.#####.##...##.[.#..
# ####.##........#.#
#..<.# ...#.##....
#.##.####.#....##.
#.##.##.##......#....
#.......##....#.#.##.


You could see a bullfrog zombie.

Vanquished Creatures
  A centaur zombie (D:5)
1 creature vanquished.

Notes
Turn   | Place    | Note
-------+----------+-------------------------------------------
     0 | D:5      | psuckher the Demonspawn Delver began the quest for the Orb.
     0 | D:5      | Reached XP level 1. HP: 18/18 MP: 1/1
    40 | D:5      | Reached skill level 5 in Stealth
    40 | D:5      | Gained mutation: You are partially covered in icy blue
                  | scales. (AC +2) [demonic ancestry]
    40 | D:5      | Reached XP level 2. HP: 2/24 MP: 2/2
    40 | D:5      | Gained mutation: You have sharp fingernails. [demonic
                  | ancestry]
    40 | D:5      | Reached XP level 3. HP: 2/29 MP: 3/3
    45 | D:5      | Found a staircase to the Ecumenical Temple.
    47 | D:5      | Noticed a phantom
    56 | Temple   | Entered the Ecumenical Temple
   142 | Temple   | Became a worshipper of Dithmenos the Shadowed
   206 | D:5      | HP: 1/29 [bullfrog zombie (4)]
   206 | D:5      | Slain by a bullfrog zombie

Illustrated notes

Levels and vault maps discovered:
D:5:      layout_loops_cross, nzn_wu_jian_contemplation, minitemple,
          minmay_temple_entry_ruins
Temple:   eino_wide_crystal_templ

Skill      XL: |  1 |
---------------+----+-----
Stealth        | 5 |  5.1
Fighting       | |  3.2
Axes           | |  1.9
Armour         | |  0.5
Dodging        | |  1.9

Action                   || total
-------------------------++-------
Melee: Hand axe          ||    19
  Use: Potion            ||     2
Armor: Leather armour    ||    14
Dodge: Dodged            ||    25
